 Dungeon Crawl Stone Soup version 0.17-a0-1533-g2f57bce (webtiles) character file.

3432 emikaela the Fighter (level 10, -2/85 HPs)
             Began as a Human Ice Elementalist on July 16, 2015.
             Was a Believer of Ru.
             Slain by a killer bee (7 damage)
             ... on level 8 of the Dungeon on July 17, 2015.
             The game lasted 01:13:48 (16005 turns).

emikaela the Fighter (Human Ice Elementalist)      Turns: 16005, Time: 01:13:48

Health: -2/85      AC:  6    Str:  8    XL:     10   Next: 25%
Magic:  16/16      EV: 14    Int: 20    God:    Ru [**....]
Gold:   407        SH:  0    Dex: 13    Spells: 5 memorised, 3 levels left

rFire  . . .     SeeInvis .     V - +3 hand axe (freeze)
rCold  + . .     Clarity  .     L - +0 robe
rNeg   + . .     SustAt   .     (no shield)
rPois  .         Gourm    .     x - +1 helmet
rElec  .         Spirit   .     (no cloak)
rCorr  .         Warding  +     (no gloves)
rMut   .         Stasis   .     H - +1 pair of boots
MR     +....                    J - amulet of warding
Stlth  ++........               P - ring of protection from magic
                                z - ring of protection from cold

@: lethally poisoned (-2 -> -8), no scrolls, studying Armour, somewhat resistant
to hostile enchantments, unstealthy
A: inability to read while threatened, inexperienced 1
a: Renounce Religion


You were on level 8 of the Dungeon.
You worshipped Ru.
Ru was pleased with you.
You were not hungry.

You visited 2 branches of the dungeon, and saw 9 of its levels.
You also visited: Bailey.

You collected 407 gold pieces.

Inventory:

Hand weapons
 a - a +3 executioner's axe of chopping
 b - a +0 arbalest
 e - a +0 hunting sling
 A - a +3 dire flail of holy wrath
 V - a +3 hand axe of freezing (weapon)
Missiles
 h - 88 sling bullets
 k - 277 stones
 n - 19 poisoned needles
 q - 74 arrows
 v - 11 tomahawks (quivered)
 C - 224 bolts
 I - 8 steel sling bullets
Armour
 m - a +0 crystal plate armour
 x - a +1 helmet (worn)
 H - a +1 pair of boots (worn)
 L - a +0 robe (worn)
Jewellery
 z - a ring of protection from cold (left hand)
 E - an uncursed amulet of resist corrosion {unknown}
 J - an amulet of warding (around neck)
 K - an uncursed ring of invisibility
 P - a ring of protection from magic (right hand)
Magical devices
 p - a wand of frost (13)
 t - a wand of hasting (4)
Scrolls
 d - a scroll of amnesia {unknown}
 g - 3 scrolls of remove curse
 i - a scroll of fog
 j - a scroll of blinking {unknown}
 l - a scroll of vulnerability {unknown}
 r - a scroll of silence
 s - a scroll of noise {unknown}
 u - 2 scrolls of recharging {unknown}
 y - a scroll of immolation
 D - a scroll of acquirement {unknown}
 M - a scroll of teleportation
 O - a scroll of enchant armour
 W - a scroll of magic mapping
Potions
 o - 2 potions of brilliance
 G - a potion of resistance
Books
 B - a book of Spatial Translocations
 Q - a book of Frost
 S - a manual of Armour
Comestibles
 c - 2 bread rations


   Skills:
 + Level 9.8 Fighting
 - Level 5.0 Dodging
 - Level 2.0 Stealth
 + Level 4.3 Spellcasting
 - Level 1.0 Conjurations
 - Level 2.0 Charms
 - Level 4.0 Summonings
 - Level 8.0 Ice Magic


You had 3 spell levels left.
You knew the following spells:

 Your Spells              Type           Power        Failure   Level  Hunger
a - Freeze                Ice            ####         1%          1    None
b - Throw Frost           Conj/Ice       ###...       2%          2    #......
c - Ozocubu's Armour      Chrm/Ice       ###.....     6%          3    ###....
d - Condensation Shield   Ice            #####.....   6%          4    ####...
e - Summon Ice Beast      Ice/Summ       ####....     12%         4    ####...


Dungeon Overview and Level Annotations

Branches:
Dungeon (8/15)             Temple (1/1) D:4
   Lair: D:8-11

Altars:
Ashenzari
Cheibriados
Dithmenos
Elyvilon
Fedhas
Gozag
Kikubaaqudgha
Makhleb
Nemelex Xobeh
Okawaru
Qazlal
Ru
Sif Muna
Xom
Yredelemnul
Zin
The Shining One

Annotations:
D:3 Sigmund
D:5 exclusion: Prince Ribbit


Innate Abilities, Weirdness & Mutations

You cannot read scrolls while threatened.
You are somewhat inexperienced (-2 XL).


Message History

* * * LOW HITPOINT WARNING * * *
You feel sick.
The killer bee buzzes angrily.
The killer bee moves out of view.
The killer bee closely misses you.
The killer bee is stunned by your will and fails to attack.
You redirect the killer bee's attack!
The killer bee barely misses the killer bee.
A killer bee and a queen bee come into view.
Drink which item? (? for menu, Esc to quit)
Okay, then.
The killer bee buzzes angrily. x2
You slash the killer bee! You freeze the killer bee.
You kill the killer bee!
* * * LOW HITPOINT WARNING * * *
You feel sick. The killer bee misses you. The killer bee barely misses you.
Drink which item? (? for menu, Esc to quit)
Magic courses through your body.
* * * LOW HITPOINT WARNING * * *
You feel sick. The killer bee barely misses you. The killer bee stings you!
You die...

,,.......# ##......[.............
,,.......# #....................
,,,,,,,,,*###................))..
,,,,,,,,,,...................)..#
********,*.###..#.##########.#...
*,#,* ##.#.##########.#... *,*,*
#.#..#.......).##.. *,*,*
#..#.#.........##.. *,*,*
##@#.#....)....'... *,*,*
#y#......[....#...
*,*,*####y##....[.....#...
*,*,*#..yyy...........#...
*,*,*#.........########...
*,*,*#...y.....# #...
*,*,*#.........# #...
*,*,*#..y......# #...
*,*,*#.........# #...


You could see a queen bee and 6 killer bees.

Vanquished Creatures
  An orc knight (Bailey)
  The ghost of namelastname112 the Slasher, an average DrSk of Elyvilon (D:7)
  Eustachio (D:5)
  Edmund (D:5)
  2 ogres
  A sky beast (D:5)
  A centaur (D:6)
  6 orc warriors (Bailey)
  A wasp (D:8)
  A giant frog (D:6)
  5 wights (D:8)
  A crimson imp (D:6)
  12 killer bees
  4 hounds
  3 orc priests
  A quasit (D:8)
  Jessica (D:3)
  A giant frog skeleton (D:4)
  Natasha (thrice) (D:2)
  6 orc wizards
  3 worker ants
  A hound skeleton (D:3)
  6 adders
  4 gnolls
  An ooze (D:5)
  3 worms
  3 giant geckos
  42 orcs
  A bat skeleton (D:7)
  4 giant cockroaches
  23 goblins
  18 hobgoblins
  8 kobolds
  2 quokkas
  A ball python (D:2)
  9 bats
  5 giant newts
  A quokka skeleton (D:6)
  15 rats
203 creatures vanquished.

Vanquished Creatures (collateral kills)
  Grinder (D:5)
  Menkaure (D:7)
  8 orc warriors (Bailey)
  An ogre (D:4)
  2 centaurs
  Blork the orc (D:6)
  An iguana (D:8)
  An orc (Bailey)
  A bat (D:6)
17 creatures vanquished.

Vanquished Creatures (others)
  Prince Ribbit (D:5)
  An orc (Bailey)
  A kobold (D:5)
3 creatures vanquished.

Grand Total: 223 creatures vanquished

Notes
Turn   | Place    | Note
--------------------------------------------------------------
     0 | D:1      | emikaela the Human Ice Elementalist began the quest for the Orb.
     0 | D:1      | Reached XP level 1. HP: 13/13 MP: 3/3
   309 | D:1      | Reached XP level 2. HP: 19/19 MP: 3/5
   316 | D:1      | Learned a level 2 spell: Throw Frost
  1088 | D:1      | Reached skill level 4 in Ice Magic
  1088 | D:1      | Reached XP level 3. HP: 24/24 MP: 4/6
  1486 | D:2      | Noticed Natasha
  1494 | D:2      | Killed Natasha
  1494 | D:2      | Reached XP level 4. HP: 26/30 MP: 4/7
  1793 | D:2      | Reached skill level 5 in Ice Magic
  1798 | D:2      | Learned a level 3 spell: Ozocubu's Armour
  2336 | D:2      | Noticed Natasha
  2341 | D:2      | Killed Natasha
  2406 | D:2      | Found a burning altar of Makhleb.
  2413 | D:2      | Found a white marble altar of Elyvilon.
  2416 | D:2      | Found a deep blue altar of Sif Muna.
  2417 | D:2      | Found a shattered altar of Ashenzari.
  2421 | D:2      | Became a worshipper of Elyvilon the Healer
  2460 | D:2      | Noticed Natasha
  2465 | D:2      | Killed Natasha
  2465 | D:2      | Reached XP level 5. HP: 33/35 MP: 2/8
  2555 | D:3      | Noticed Sigmund
  2560 | D:3      | Reached skill level 1 in Charms
  2660 | D:3      | Found a glowing golden altar of the Shining One.
  2734 | D:3      | Noticed Jessica
  2746 | D:3      | Killed Jessica
  3300 | D:3      | Found a stormy altar of Qazlal.
  3918 | D:3      | Reached XP level 6. HP: 24/41 MP: 0/9
  4355 | D:4      | Acquired Elyvilon's first power
  4580 | D:4      | Reached skill level 6 in Ice Magic
  4590 | D:4      | HP: 2/41 [orc priest/divine providence (8)]
  4624 | D:4      | Learned a level 4 spell: Condensation Shield
  4968 | D:4      | Noticed a rust devil
  5061 | D:4      | Found a staircase to the Ecumenical Temple.
  5075 | Temple   | Entered the Ecumenical Temple
  5166 | Temple   | Fell from the grace of Elyvilon
  5166 | Temple   | Became a worshipper of Ru the Awakened
  5221 | D:4      | Noticed an angel
  5247 | D:4      | Reached XP level 7. HP: 46/46 MP: 5/11
  5731 | D:5      | Entered Level 5 of the Dungeon
  6475 | D:5      | Learned a level 4 spell: Summon Ice Beast
  6692 | D:5      | Noticed Eustachio
  6709 | D:5      | Killed Eustachio
  6709 | D:5      | Reached skill level 1 in Summonings
  6709 | D:5      | Reached skill level 7 in Ice Magic
  6725 | D:5      | Reached XP level 8. HP: 32/52 MP: 0/14
  6886 | D:5      | Noticed Prince Ribbit
  7105 | D:5      | Found an ancient bone altar of Kikubaaqudgha.
  7114 | D:5      | Noticed Grinder
  7340 | D:5      | Noticed Edmund
  7359 | D:5      | Killed Edmund
  7360 | D:5      | Killed Prince Ribbit
  7652 | D:5      | Gained mutation: You are somewhat inexperienced (-2 XL). [Ru sacrifice]
  7652 | D:5      | Reached XP level 7. HP: 46/46 MP: 13/13
  7652 | D:5      | Reached XP level 6. HP: 41/41 MP: 12/12
  7652 | D:5      | Acquired Ru's first power
  7661 | D:5      | Found a shadowy altar of Dithmenos.
  7716 | D:5      | Found a glowing silver altar of Zin.
  7717 | D:5      | Found an opulent altar of Gozag.
  7952 | D:5      | Paralysed by Grinder for 3 turns
  7966 | D:5      | Killed Grinder
  7966 | D:5      | Reached skill level 8 in Ice Magic
  7966 | D:5      | Reached XP level 7. HP: 46/46 MP: 1/13
  8359 | D:5      | Reached skill level 1 in Fighting
  9081 | D:6      | Noticed Blork the orc
  9087 | D:6      | Killed Blork the orc
  9359 | D:6      | Reached XP level 8. HP: 52/60 MP: 6/14
 10383 | D:6      | Reached skill level 5 in Fighting
 10476 | D:7      | Noticed namelastname112's ghost (average DrSk)
 10582 | D:7      | Killed namelastname112's ghost
 11178 | D:7      | Reached XP level 9. HP: 54/72 MP: 6/15
 11556 | D:7      | Noticed Menkaure
 11566 | D:7      | Killed Menkaure
 11832 | D:8      | Gained mutation: You cannot read scrolls while threatened. [Ru sacrifice]
 11832 | D:8      | Acquired Ru's second power
 11973 | D:8      | Found a flagged portal.
 11992 | Bailey   | Entered a bailey
 12491 | Bailey   | Found a roughly hewn altar of Beogh.
 12491 | Bailey   | Noticed an orc knight
 12551 | Bailey   | Killed an orc knight
 12683 | Bailey   | Reached skill level 9 in Fighting
 14742 | Bailey   | Reached XP level 10. HP: 65/83 MP: 1/16
 15981 | D:8      | Reached skill level 5 in Dodging
 16004 | D:8      | Noticed a queen bee
 16005 | D:8      | Slain by a killer bee

Vault maps used:
D:1:      ncdulo_lavacross, minmay_ruptured
D:2:      minitemple, uniq_natasha
D:3:      overflow_temple_1_default, lemuel_round_altar, minmay_goblin_outpost,
          uniq_jessica, uniq_sigmund
D:4:      temple_garden, first_bread
D:5:      lemuel_upstairs_altar, grunt_temple_overflow_gold_and_silver,
          nicolae_dithmenos_through_a_glass_darkly, kiku_gazebo_garden_becter,
          serial_glass, glass_columns_c, glass_columns_a, enter_ossuary_5,
          corner_web_ring, lemuel_old_faithful, uniq_prince_ribbit1,
          uniq_eustachio, uniq_edmund, uniq_grinder
D:6:      uniq_blork_the_orc
D:7:      uniq_menkaure
D:8:      enter_bailey_3, david_nohive_1
Temple:   nicolae_temple_great_sept
Bailey:   bailey_polearm_2, bailey

Action                   |  1- 3 |  4- 6 |  7- 9 | 10-12 || total
-------------------------+-------+-------+-------+-------++-------
Melee: Club              |    12 |     2 |       |       ||    14
       Flail             |       |    28 |       |       ||    28
       Dagger            |       |    45 |    31 |       ||    76
       Dire flail        |       |     7 |    73 |       ||    80
       Executioner's axe |       |       |       |    31 ||    31
       Hand axe          |       |       |       |     8 ||     8
 Fire: Arbalest          |       |       |    50 |    15 ||    65
Throw: Stone             |       |     1 |       |       ||     1
       Tomahawk          |       |       |     2 |       ||     2
 Cast: Freeze            |    31 |   114 |   155 |    13 ||   313
       Ozocubu's Armour  |       |    13 |    41 |     7 ||    61
       Summon Ice Beast  |       |     6 |    38 |    12 ||    56
       Condensation Shie |       |     1 |    33 |     7 ||    41
       Throw Frost       |       |       |     1 |     1 ||     2
Invok: Sacrifice Experie |       |     1 |       |       ||     1
       Sacrifice Words   |       |       |     1 |       ||     1
  Use: Potion            |       |     2 |     5 |     4 ||    11
       Scroll            |       |       |    12 |     3 ||    15
 Stab: Sleeping          |     4 |     4 |     4 |       ||    12
       Distracted        |       |     2 |     2 |       ||     4
  Eat: Chunk             |     2 |    15 |    26 |       ||    43
       Fruit             |       |     4 |       |       ||     4
       Meat ration       |       |       |     2 |       ||     2
       Royal jelly       |       |       |     1 |       ||     1
       Pizza             |       |       |     1 |       ||     1
       Beef jerky        |       |       |     1 |       ||     1
       Bread ration      |       |       |     1 |     2 ||     3
